 Dungeon Crawl Stone Soup version 0.28-a0-664-gc179e30c89 (webtiles) character file.

Game seed: 7738529070111035108

9 DungeonMaster the Bolt Thrower (level 2, 21/21 HPs)
             Began as a Demonspawn Wanderer on Oct 16, 2021.
             Quit the game on level 1 of the Dungeon.
             The game lasted 00:00:45 (97 turns).

DungeonMaster the Bolt Thrower (Demonspawn Wanderer)  Turns: 97, Time: 00:00:46

Health: 21/21      AC:  5    Str: 12    XL:     2   Next: 3%
Magic:  3/3        EV: 10    Int: 12    God:
Gold:   17         SH:  0    Dex: 13    Spells: 3/3 levels left

rFire   . . .      SeeInvis .   w - +2 hand crossbow
rCold   . . .      Faith    .   (no shield)
rNeg    . . .      Spirit   .   c - +0 ring mail
rPois   .          Reflect  .   (helmet restricted)
rElec   .          Harm     .   (no cloak)
rCorr   .          Rampage  .   (no gloves)
Will    .....                   (no boots)
Stlth   +.........              (no amulet)
HPRegen 0.07/turn               (no ring)
MPRegen 0.08/turn               (no ring)

@: no status effects
A: antennae 1
a: no special abilities


You were on level 1 of the Dungeon.
You visited 1 branch of the dungeon, and saw 1 of its levels.

You collected 17 gold pieces.

Inventory:

Hand Weapons
 a - a +0 short sword
 w - a +2 hand crossbow (weapon)
Missiles
 b - 18 bolts (quivered ammo)
 e - 2 stones
Armour
 c - a +0 ring mail (worn)
Scrolls
 f - a scroll of vulnerability {unknown}
Potions
 d - 2 potions of curing


   Skills:
 * Level 1.4 Fighting
 - Level 2.6 Crossbows
 * Level 1.3 Armour
 * Level 0.6 Dodging
 - Level 1.7 Stealth
 - Level 1.0 Spellcasting
 - Level 1.7 Transmutations


You had 3 spell levels left.
You didn't know any spells.
Your spell library was empty.

Dungeon Overview and Level Annotations

Branches:
Dungeon (1/15)

Altars:


Innate Abilities, Weirdness & Mutations

You have a pair of small antennae on your head.


Message History

A kobold comes into view. It is wielding a +0 dagger.
The kobold shouts!
A goblin comes into view. It is wielding a +0 dagger.
Fire: 24 bolts
Press: ? - help, Q - select action, (/) - cycle Shift-Dir - straight line, f - kobold
Aim: a kobold, wielding a +0 dagger (58% to hit)
You shoot a bolt. The bolt hits the kobold!
You kill the kobold!
A goblin comes into view. It is wielding a +0 club.
Fire: 23 bolts
Press: ? - help, Q - select action, (/) - cycle Shift-Dir - straight line, f - goblin
Aim: a goblin, wielding a +0 club (wandering, hasn't noticed you, 58% to hit)
You shoot a bolt. The goblin shouts!
The bolt hits the goblin.
The goblin is severely wounded.
Fire: 22 bolts
Press: ? - help, Q - select action, (/) - cycle Shift-Dir - straight line, f/p - goblin
Aim: a goblin, wielding a +0 club (severely wounded, 58% to hit)
You shoot a bolt. The bolt hits the goblin.
You kill the goblin!
Fire: 21 bolts
Press: ? - help, Q - select action, (/) - cycle Shift-Dir - straight line, f - goblin
Aim: a goblin, wielding a +0 dagger (58% to hit)
You shoot a bolt. The bolt hits the goblin.
The goblin is moderately wounded.
Fire: 20 bolts
Press: ? - help, Q - select action, (/) - cycle Shift-Dir - straight line, f/p - goblin
Aim: a goblin, wielding a +0 dagger (moderately wounded, 58% to hit)
You shoot a bolt. The bolt hits the goblin.
The goblin is heavily wounded.
Fire: 19 bolts
Press: ? - help, Q - select action, (/) - cycle Shift-Dir - straight line, f/p - goblin
Aim: a goblin, wielding a +0 dagger (heavily wounded, 58% to hit)
You shoot a bolt. The bolt hits the goblin.
You kill the goblin!
You have reached level 2!
Your demonic ancestry asserts itself...
A pair of antennae grows on your head!
Are you sure you want to abandon this character and quit the game? (Confirm with "yes".)

#. #( #( #( ###( ..>
#.### #.@.#
###.########.
#.......... #..########
#######..###
...........##
#######...#.###########
#..###.#......... #####
#.## ##...)†.....


There were no monsters in sight!

Vanquished Creatures
  2 endoplasms (D:1)
  2 goblins (D:1)
  2 kobolds (D:1)
  A frilled lizard (D:1)
7 creatures vanquished.

Notes
Turn   | Place    | Note
-------+----------+-------------------------------------------
     0 | D:1      | DungeonMaster the Demonspawn Wanderer began the quest for
                  | the Orb.
     0 | D:1      | DungeonMaster set off with the following items: a +2 hand
                  | crossbow, 24 bolts, a +0 ring mail, a potion of curing, a
                  | +0 dagger
     0 | D:1      | Reached XP level 1. HP: 15/15 MP: 2/2
     1 | D:1      | Noticed a demonspawn zombie
    18 | D:1      | Noticed a demonspawn zombie
    97 | D:1      | Gained mutation: You have a pair of small antennae on your
                  | head. [demonic ancestry]
    97 | D:1      | Reached XP level 2. HP: 21/21 MP: 3/3
    97 | D:1      | Quit the game

Illustrated notes

Levels and vault maps discovered:
D:1:      shiori_arrival_whats_in_store_for_you, layout_loops_ring,
          dreamdust_ecumenical_altar_statues, minmay_tetromino_i4

Action                   || total
-------------------------++-------
 Fire: Hand crossbow     ||    10

Table legend: (Time is in decaauts)
 A = Elapsed time spent in this place.
 B = Non-inter-level travel time spent in this place.
 C = Inter-level travel time spent in this place.
 D = Time resting spent in this place.
 E = Time spent auto-exploring this place.
 F = Levels seen in this place.
 G = Mean time per level.
                   A        B        C        D        E       F      G
               +--------+--------+--------+--------+--------+-----+--------+
         Total |    100 |    100 |      0 |      0 |     71 |   1 |  100.0 |
       Dungeon |    100 |    100 |      0 |      0 |     71 |   1 |  100.0 |
               +--------+--------+--------+--------+--------+-----+--------+

Top non-repeatable levels by time:
     D:1: 100 daAuts
